 Dungeon Crawl Stone Soup version 0.28.0-1-gb440e238dd (webtiles) character file.

Game seed: 5960066099231998653

565 Ablot the Grasshopper (level 7, -5/56 HPs)
             Began as a Gnoll Warper on Feb 23, 2022.
             Succumbed to a water moccasin's poison
             ... on level 4 of the Dungeon.
             The game lasted 00:07:18 (4797 turns).

Ablot the Grasshopper (Gnoll Warper)                Turns: 4797, Time: 00:07:19

Health: -5/56      AC:  5    Str: 10    XL:     7   Next: 32%
Magic:  13/15      EV: 13    Int: 13    God:
Gold:   164        SH:  0    Dex: 14    Spells: 15/17 levels left

rFire   x . .      SeeInvis +   u - +1 hunting sling of the Immovable Tusks {freeze, Str-2 Dex+3 SInv}
rCold   + . .      Faith    .   (no shield)
rNeg    . . .      Spirit   .   b - +0 leather armour
rPois   .          Reflect  .   v - +0 helmet
rElec   .          Harm     .   o - +0 cloak
rCorr   .          Rampage  .   (no gloves)
Will    .....                   (no boots)
Stlth   ++........              (no amulet)
HPRegen 0.18/turn               f - ring of ice
MPRegen 0.14/turn               (no ring)

@: lethally poisoned (-5 -> -44), on blink cooldown
A: fangs 1, strong nose, distributed training
a: no special abilities


You were on level 4 of the Dungeon.
You visited 1 branch of the dungeon, and saw 5 of its levels.

You collected 164 gold pieces.

Inventory:

Hand Weapons
 a - a +0 spear
 u - the +1 hunting sling of the Immovable Tusks (weapon) {freeze, Str-2 Dex+3 SInv}
   (You found it on level 3 of the Dungeon)

   Any ammunition fired from it freezes those it strikes, dealing additional
   cold damage.
   It can also slow down cold-blooded creatures.
   Str:       It affects your strength (-2).
   Dex:       It affects your dexterity (+3).
   SInv:      It lets you see invisible.
Missiles
 d - 6 boomerangs of dispersal
 e - 43 bolts
 g - 21 sling bullets (quivered ammo)
 k - 186 stones
 m - 37 arrows
 w - a poisoned dart
Armour
 b - a +0 leather armour (worn)
 o - a +0 cloak (worn)
 v - a +0 helmet (worn)
Jewellery
 f - a ring of ice (left hand)
Scrolls
 c - a scroll of blinking
 h - 3 scrolls of teleportation {unknown}
 l - a scroll of torment {unknown}
 n - a scroll of fear {unknown}
 s - a scroll of brand weapon {unknown}
 x - a scroll of amnesia {unknown}
 y - a scroll of enchant armour {unknown}
 z - a scroll of identify {unknown}
 A - a scroll of magic mapping {unknown}
 C - a scroll of immolation {unknown}
Potions
 i - a potion of berserk rage {unknown}
 j - a potion of heal wounds {unknown}
 p - 2 potions of curing {unknown}
 q - a potion of cancellation {unknown}
 r - a potion of lignification {unknown}
 t - a potion of invisibility {unknown}
 B - a potion of ambrosia {unknown}


   Skills:
 + Level 5.2 Fighting
 + Level 2.4 Short Blades
 + Level 2.4 Long Blades
 + Level 2.4 Axes
 + Level 2.4 Maces & Flails
 + Level 5.2 Polearms
 + Level 2.4 Staves
 + Level 2.4 Slings
 + Level 2.4 Bows
 + Level 2.4 Crossbows
 + Level 3.5 Throwing
 + Level 3.5 Armour
 + Level 5.2 Dodging
 + Level 2.4 Stealth
 + Level 2.4 Shields
 + Level 2.4 Unarmed Combat
 + Level 5.6 Spellcasting
 + Level 2.0 Conjurations
 + Level 2.0 Hexes
 + Level 2.0 Summonings
 + Level 2.0 Necromancy
 + Level 5.8 Translocations
 + Level 2.0 Transmutations
 + Level 2.0 Fire Magic
 + Level 2.0 Ice Magic
 + Level 2.0 Air Magic
 + Level 2.0 Earth Magic
 + Level 2.0 Poison Magic
 + Level 2.6 Invocations
 + Level 2.4 Evocations


You had 15 spell levels left.
You knew the following spells:

 Your Spells              Type           Power      Damage    Failure   Level
a - Blink                 Tloc           36%        N/A       3%          2

Your spell library contained the following spells:

 Spells                   Type           Power      Damage    Failure   Level
 Gell's Gravitas          Tloc           18%        N/A       6%          3
 Lesser Beckoning         Tloc           18%        N/A       6%          3
 Teleport Other           Tloc           18%        N/A       6%          3
 Foxfire                  Conj/Fire      32%        2x1d5     11%         1
 Ensorcelled Hibernation  Hex/Ice        26%        N/A       16%         2
 Passwall                 Tmut/Erth      6%         N/A       16%         2
 Conjure Flame            Conj/Fire      8%         6-21      30%         3
 Inner Flame              Hex/Fire       8%         N/A       30%         3
 Swiftness                Air            8%         N/A       30%         3
 Manifold Assault         Tloc           18%        N/A       52%         5
 Flame Wave               Conj/Fire      8%         2d5       71%         4


Dungeon Overview and Level Annotations

Branches:
Dungeon (5/15)
 Temple: D:4-7

Altars:

Shops:
D:1 =

Annotations:
D:5 Ijyb


Innate Abilities, Weirdness & Mutations

You have very sharp teeth.
Your uncanny sense of smell can sniff out nearby items.
Your experience applies equally to all skills.


Message History

The sling bullet closely misses the water moccasin.
You feel very sick.
The water moccasin bites you but does no damage.
Unknown command.
Fire: 24 sling bullets
Press: ? - help, Q - select action, (/) - cycle Shift-Dir - straight line, f/p - water moccasin
Aim: a water moccasin (moderately wounded, 46% to hit)
You shoot a sling bullet.
The sling bullet closely misses the water moccasin.
You feel very sick. The water moccasin bites you.
You are lethally poisoned!
The water moccasin poisons you! The water moccasin barely misses you.
Unknown command.
Fire: 23 sling bullets
Press: ? - help, Q - select action, (/) - cycle Shift-Dir - straight line, f/p - water moccasin
Aim: a water moccasin (moderately wounded, 46% to hit)
You shoot a sling bullet.
The sling bullet misses the water moccasin.
* * * LOW HITPOINT WARNING * * *
You feel very sick. The water moccasin closely misses you.
Fire: 22 sling bullets
Press: ? - help, Q - select action, (/) - cycle Shift-Dir - straight line, f/p - water moccasin
Aim: a water moccasin (moderately wounded, 46% to hit)
You shoot a sling bullet.
The sling bullet closely misses the water moccasin.
* * * LOW HITPOINT WARNING * * *
You feel very sick. The water moccasin bites you.
* * * LOW HITPOINT WARNING * * *
You are more poisoned.
The water moccasin poisons you! The water moccasin bites you.
* * * LOW HITPOINT WARNING * * *
You are more poisoned.
The water moccasin poisons you!
Casting: Blink (safe; 3% risk of failure)
Confirm with . or Enter, or press ? or * to list all spells.
You blink.
You die...

########### #.........#
######### #.#######.#
#.......# #######.#######.#
#.#####.#
#..†....).......####.# #.#
#.#####......#.......# #.#
#.# ####.....#####.# #.#
#.# ##.....## #.#####.# #.#
#...@..(# #.......#
#####.######......S#
####.####
#.........##.....†§# #.#
#.###.###.####...### ##.##
#.# #.###.# #...# ##...##
#.# #..##.# ##...##
##.###.## #.#
##.##.###.....## #.## ##.#
#.###..##.##.......## #.#
#.#
#.##...##[#.........####.##
##.#


You could see a water moccasin.

Vanquished Creatures
  A sky beast (D:4)
  An ogre (D:4)
  A scorpion (D:4)
  2 hounds (D:4)
  An orc priest (D:4)
  2 iguanas (D:4)
  An orc wizard (D:4)
  5 adders
  A howler monkey skeleton (D:4)
  An ufetubus (D:4)
  2 worms
  4 dart slugs (D:2)
  6 orcs
  6 bats
  10 endoplasms
  3 giant cockroaches
  5 goblins
  8 hobgoblins
  9 jackals
  3 kobolds
  A quokka (D:4)
  4 ball pythons
  4 frilled lizards
  A rat (D:1)
82 creatures vanquished.

Notes
Turn   | Place    | Note
-------+----------+-------------------------------------------
     0 | D:1      | Ablot the Gnoll Warper began the quest for the Orb.
     0 | D:1      | Reached XP level 1. HP: 20/20 MP: 6/6
   291 | D:1      | Reached XP level 2. HP: 26/26 MP: 7/7
   294 | D:1      | Learned a level 2 spell: Blink
   846 | D:1      | Found Pofacib's One-of-a-Kind Rings.
  1009 | D:2      | Reached XP level 3. HP: 31/31 MP: 9/9
  1012 | D:2      | Reached skill level 5 in Spellcasting
  1214 | D:2      | Reached skill level 1 in Invocations
  1514 | D:2      | Reached skill level 1 in Short Blades
  1514 | D:2      | Reached skill level 1 in Long Blades
  1514 | D:2      | Reached skill level 1 in Axes
  1514 | D:2      | Reached skill level 1 in Maces & Flails
  1514 | D:2      | Reached skill level 1 in Staves
  1514 | D:2      | Reached skill level 1 in Slings
  1514 | D:2      | Reached skill level 1 in Bows
  1514 | D:2      | Reached skill level 1 in Crossbows
  1514 | D:2      | Reached skill level 1 in Stealth
  1514 | D:2      | Reached skill level 1 in Shields
  1514 | D:2      | Reached skill level 1 in Unarmed Combat
  1514 | D:2      | Reached skill level 1 in Evocations
  1820 | D:3      | Reached XP level 4. HP: 6/38 MP: 11/11
  2129 | D:3      | Identified the +1 hunting sling of the Immovable Tusks
                  | {freeze, Str-2 Dex+3 SInv}
  2224 | D:3      | Reached skill level 1 in Conjurations
  2224 | D:3      | Reached skill level 1 in Hexes
  2224 | D:3      | Reached skill level 1 in Summonings
  2224 | D:3      | Reached skill level 1 in Necromancy
  2224 | D:3      | Reached skill level 1 in Transmutations
  2224 | D:3      | Reached skill level 1 in Fire Magic
  2224 | D:3      | Reached skill level 1 in Ice Magic
  2224 | D:3      | Reached skill level 1 in Air Magic
  2224 | D:3      | Reached skill level 1 in Earth Magic
  2224 | D:3      | Reached skill level 1 in Poison Magic
  2292 | D:3      | Found a faded altar of an unknown god.
  2652 | D:4      | Reached XP level 5. HP: 34/43 MP: 12/12
  3036 | D:4      | Reached XP level 6. HP: 33/50 MP: 13/13
  3837 | D:4      | Reached skill level 5 in Fighting
  3837 | D:4      | Reached skill level 5 in Polearms
  3837 | D:4      | Reached skill level 5 in Dodging
  4338 | D:4      | Reached XP level 7. HP: 56/56 MP: 15/15
  4518 | D:5      | Entered Level 5 of the Dungeon
  4581 | D:5      | Noticed Ijyb
  4797 | D:4      | Succumbed to a water moccasin's poison

Illustrated notes

Levels and vault maps discovered:
D:1:      zelgadis_glass_arrival_large, layout_basic, serial_bayou_pond_d,
          nicolae_shop_unique_rings
D:2:      layout_loops_ring, minmay_pentomino_x2
D:3:      layout_rooms, hellmonk_ecumenical_altar_lost_god
D:4:      layout_loops_corners
D:5:      layout_gridville, mainiacjoe_overflow_small_starburst,
          minmay_temple_entry_statues_fountains, serial_bayou_pond_e,
          nicolae_shop_clearance, uniq_ijyb, uniq_menkaure

Skill      XL: |  1  2  3  4  5  6  7 |
---------------+----------------------+-----
Spellcasting   | 5 |  5.6
Invocations    | 1 2 |  2.6
Short Blades   | 1 2 |  2.4
Long Blades    | 1 2 |  2.4
Axes           | 1 2 |  2.4
Maces & Flails | 1 2 |  2.4
Staves         | 1 2 |  2.4
Slings         | 1 2 |  2.4
Bows           | 1 2 |  2.4
Crossbows      | 1 2 |  2.4
Stealth        | 1 2 |  2.4
Shields        | 1 2 |  2.4
Unarmed Combat | 1 2 |  2.4
Evocations     | 1 2 |  2.4
Conjurations   | 1 2 |  2.0
Hexes          | 1 2 |  2.0
Summonings     | 1 2 |  2.0
Necromancy     | 1 2 |  2.0
Transmutations | 1 2 |  2.0
Fire Magic     | 1 2 |  2.0
Ice Magic      | 1 2 |  2.0
Air Magic      | 1 2 |  2.0
Earth Magic    | 1 2 |  2.0
Poison Magic   | 1 2 |  2.0
Throwing       | 3 |  3.5
Armour         | 3 |  3.5
Fighting       | 5 |  5.2
Polearms       | 5 |  5.2
Dodging        | 5 |  5.2
Translocations | |  5.8

Action                   |  1- 3 |  4- 6 |  7- 9 || total
-------------------------+-------+-------+-------++-------
Melee: Spear             |   165 |   209 |       ||   374
       Bite              |    12 |    11 |       ||    23
       Punch             |     2 |     4 |       ||     6
 Fire: Hunting sling     |       |    12 |    20 ||    32
Throw: Dart              |       |     4 |       ||     4
       Boomerang         |       |     2 |       ||     2
 Cast: Blink             |       |     2 |     1 ||     3
 Stab: Sleeping          |     2 |     3 |       ||     5
Armor: Leather armour    |    42 |    38 |     3 ||    83
Dodge: Dodged            |    82 |   102 |     9 ||   193
